 Dungeon Crawl Stone Soup version 0.22.0-6-g71bd7aa (webtiles) character file.

17 Amnesiac the Gusty (level 2, -3/19 HPs)
             Began as a Mummy Air Elementalist on Aug 15, 2018.
             Killed from afar by an orc wizard (15 damage)
             ... with a puff of flame
             ... on level 4 of the Dungeon.
             The game lasted 00:01:37 (481 turns).

Amnesiac the Gusty (Mummy Air Elementalist)          Turns: 481, Time: 00:01:38

Health: -3/19      AC:  2    Str: 11    XL:     2   Next: 44%
Magic:  6/6        EV: 12    Int: 14    God:
Gold:   20         SH:  0    Dex: 12    Spells: 6/7 levels left

rFire    x . .     SeeInvis .   (no weapon)
rCold    + . .     Gourm    .   (no shield)
rNeg     + + +     Faith    .   a - +0 robe rPois โˆž Spirit .
                                (no helmet)
rElec    .         Reflect  .   (no cloak)
rCorr    .         Harm     .   (no gloves)
MR       .....                  (no boots)
Stlth    ++........             (no amulet)
HPRegen  0.06/turn              (no ring)
MPRegen  0.10/turn              (no ring)

@: no status effects
A: no food or potions, fire vulnerability, cold resistance 1, negative energy
resistance 3, torment resistance, unbreathing
a: no special abilities


You were on level 4 of the Dungeon.
You were not hungry.

You visited 1 branch of the dungeon, and saw 4 of its levels.

You collected 20 gold pieces.

Inventory:

Armour
 a - a +0 robe (worn)
Scrolls
 b - 2 scrolls of identify {!r, unknown}
 c - a scroll of noise {!r, unknown}
 d - a scroll of fog {!r, unknown}


   Skills:
 - Level 1.5 Dodging
 - Level 1.5 Stealth
 + Level 3.0 Spellcasting
 - Level 0.7 Conjurations
 * Level 3.0 Air Magic


You had 6 spell levels left.
You knew the following spells:

 Your Spells              Type           Power        Failure   Level  Hunger
a - Shock                 Conj/Air       #...         10%         1    N/A

Your spell library contained the following spells:

 Spells                   Type           Power        Failure   Level  Hunger
 Lightning Bolt           Conj/Air       #.........   95%         5    N/A
 Swiftness                Chrm/Air       #.......     17%         2    N/A
 Airstrike                Air            ##........   52%         4    N/A
 Static Discharge         Conj/Air       #.......     30%         3    N/A

Dungeon Overview and Level Annotations

Branches:
Dungeon (4/15)
 Temple: D:4-7

Altars:
Qazlal


Innate Abilities, Weirdness & Mutations

You do not eat or drink.
Your flesh is vulnerable to fire.
You are immune to poison.
Your flesh is cold resistant. (rC+)
You are immune to negative energy. (rN+++)
You are immune to unholy pain and torment.
You can survive without breathing.


Message History

The leopard gecko falls through a shaft!
The shaft crumbles and collapses.
Found 8 gold pieces.
The worker ant bites you.
There is a shaft here.
The worker ant falls through a shaft!
The shaft crumbles and collapses.
You start resting.
HP restored.
Unknown command.
You see here 29 stones.
You now have 20 gold pieces (gained 8).
Found a stone staircase leading down.
Found 15 gold pieces.
An adder is nearby!
Casting: Shock (safe; 11% risk of failure)
Confirm with . or Enter, or press ? or * to list all spells.
Aiming: Shock (safe; 11% risk of failure)
Press: ? - help, Shift-Dir - straight line, f - adder
Aim: an adder (resting)
The zap hits the adder.
The adder is moderately wounded.
The adder hisses angrily.
Casting: Shock (safe; 11% risk of failure)
Confirm with . or Enter, or press ? or * to list all spells.
Aiming: Shock (safe; 11% risk of failure)
Press: ? - help, Shift-Dir - straight line, f/p - adder
Aim: an adder (moderately wounded)
The zap hits the adder.
The adder is heavily wounded.
The zap hits the adder.
The adder is severely wounded.
The adder bites you.
Casting: Shock (safe; 11% risk of failure)
Confirm with . or Enter, or press ? or * to list all spells.
Aiming: Shock (safe; 11% risk of failure)
Press: ? - help, Shift-Dir - straight line, f/p - adder
Aim: an adder (severely wounded)
The zap hits the adder.
The adder is almost dead.
The zap hits the adder.
You kill the adder!
Your Spellcasting skill increases to level 3!
Your Air Magic skill increases to level 3!
Casting: Shock (safe; 10% risk of failure)
Confirm with . or Enter, or press ? or * to list all spells.
You can't see any susceptible monsters within range! (Use Z to cast anyway.)
Casting: Shock (safe; 10% risk of failure)
Confirm with . or Enter, or press ? or * to list all spells.
You can't see any susceptible monsters within range! (Use Z to cast anyway.)
You start resting.
Magic restored.
An orc priest and an orc wizard come into view.
An orc wizard comes into view. It is wielding a dagger.
The orc wizard shouts!
The orc wizard points at you and mumbles some strange words.
The magic dart hits you!
The orc wizard shouts!
There is a stone staircase leading down here.
The orc wizard gestures at you while chanting.
The puff of frost misses you.
The orc wizard gestures at you while chanting.
The puff of flame hits you! The fire burns you terribly!
Ouch! That really hurt!
You die...

##.#..#......
.....##..............#
ยง^...................#
(...#................#
....#.............o..#
..โ‰ˆ##............oo..###
#..# ...................
#..# #........$.........
##โ‰ˆ# #..........@...#
.^## #............### .###
#..........## ...###
#........##
.....####......##
.#.....####....#
.###......#..### .#
###......## ## ###....##


You could see an orc priest (wandering) and 2 orc wizards.

Vanquished Creatures
  An adder (D:4)
  2 goblins
  2 hobgoblins (D:1)
  A bat (D:2)
  A kobold (D:1)
  2 rats
9 creatures vanquished.

Notes
Turn   | Place    | Note
-------+----------+-------------------------------------------
     0 | D:1      | Amnesiac the Mummy Air Elementalist began the quest for the Orb.
     0 | D:1      | Reached XP level 1. HP: 13/13 MP: 4/4
   225 | D:2      | Reached XP level 2. HP: 16/19 MP: 0/5
   237 | D:2      | You fall through a shaft for 2 floors!
   270 | D:4      | Found a stormy altar of Qazlal.
   481 | D:4      | Killed from afar by an orc wizard

Skill      XL: |  1  2 |
---------------+-------+-----
Spellcasting   | 3 |  3.0
Air Magic      | 3 |  3.0
Dodging        | |  1.5
Stealth        | |  1.5
Conjurations   | |  0.7

Action                   || total
-------------------------++-------
Melee: Unarmed           ||     9
 Cast: Shock             ||    23
Armor: Robe              ||     2
Dodge: Dodged            ||    10
